Map: Orbital Shipyard

Players

LiquidMaNa (MaNa) - Winner!

  • Race: Protoss Protoss
  • League: Grandmaster

Matiz

  • Race: Zerg Zerg
  • League: Master

Event: Corsair Cup 14

VOD

Have the link to the VOD?

Description

Time

  • Played on: March 21, 2016, 12:48 p.m.
  • Length: 9:43

All games in this series

Show
View Real Time Build Order
Export as new Build Order

LiquidMaNa Protoss - Winner!

Build Orders: 1 Gate Expand, Phoenix Opening 

Get SALT Encoding   

  12  0:00  Probe (Chrono Boost)  
  13  0:11  Probe (Chrono Boost)  
  14  0:17  Pylon  
  14  0:22  Probe (Chrono Boost)  
  15  0:35  Probe (Chrono Boost)  
  16  0:41  Gateway  
  16  0:46  Probe (Chrono Boost)  
  16  0:47  Assimilator  
  17  0:56  Probe (Chrono Boost)  
  18  1:07  Probe (Chrono Boost)  
  19  1:21  Nexus  
  19  1:25  Probe (Chrono Boost)  
  20  1:35  Cybernetics Core  
  20  1:38  Probe (Chrono Boost)  
  21  1:45  Assimilator  
  21  1:49  Probe (Chrono Boost)  
  22  1:56  Pylon  
  22  1:59  Probe (Chrono Boost)  
  23  2:11  Warp Gate  
  23  2:14  Adept, Probe (Chrono Boost)  
  26  2:25  Probe (Chrono Boost)  
  26  2:28  Stargate  
  27  2:33  Probe (Chrono Boost)  
  27  2:35  Probe (Chrono Boost)  
  29  2:41  Adept (Chrono Boost)  
  29  2:43  Probe (Chrono Boost)  
  31  2:46  Probe (Chrono Boost)  
  33  2:55  Probe (Chrono Boost)  
  33  2:58  Probe (Chrono Boost)  
  35  3:06  Pylon  
  35  3:07  Adept, Probe (Chrono Boost)  
  35  3:08  Probe (Chrono Boost)  
  35  3:12  Phoenix (Chrono Boost)  
  41  3:15  Mothership Core  
  44  3:20  Probe  
  44  3:23  Pylon  
  44  3:32  Probe  
  47  3:34  Phoenix (Chrono Boost)  
  47  3:35  Probe  
  48  3:44  Probe  
  48  3:45  Gateway  
  48  3:46  Probe  
  50  3:50  Gateway  
  52  3:56  Phoenix (Chrono Boost), Probe  
  53  4:14  Nexus  
  53  4:15  Adept  
  55  4:19  Phoenix (Chrono Boost)  
  55  4:22  Pylon  
  57  4:26  Pylon  
  57  4:45  Probe  
  58  4:47  Phoenix (Chrono Boost)  
  58  4:49  Probe  
  59  4:57  Probe  
  59  4:58  Robotics Facility  
  58  5:05  Probe (Chrono Boost)  
  55  5:09  Probe (Chrono Boost), Assimilator  
  55  5:10  Phoenix (Chrono Boost)  
  55  5:11  Assimilator  
  58  5:18  Zealot x3, Probe (Chrono Boost)  
  58  5:21  Probe (Chrono Boost)  
  66  5:29  Pylon  
  66  5:30  Probe (Chrono Boost)  
  66  5:31  Probe x2 (Chrono Boost)  
  69  5:35  Forge  
  69  5:41  Probe x2 (Chrono Boost)  
  69  5:42  Probe (Chrono Boost)  
  72  5:43  Sentry x2  
  72  5:46  Warp Prism  
  78  5:52  Probe x2 (Chrono Boost)  
  78  5:54  Assimilator  
  78  5:55  Assimilator  
  80  5:59  Phoenix  
  82  6:05  Probe x2 (Chrono Boost)  
  82  6:06  Probe (Chrono Boost)  
  82  6:07  Zealot x2  
  82  6:09  Protoss Ground Weapons Level 1  
  89  6:15  Robotics Facility  
  89  6:25  Immortal  
  93  6:29  Probe x3 (Chrono Boost)  
  96  6:36  Gateway  
  96  6:39  Gateway  
  96  6:41  Probe x2 (Chrono Boost)  
  96  6:45  Sentry  
  100  6:49  Pylon  
  100  6:52  Pylon  
  100  6:54  Pylon  
  100  7:00  Robotics Bay  
  100  7:12  Probe (Chrono Boost)  
  100  7:13  Probe (Chrono Boost)  
  100  7:15  Immortal x2 (Chrono Boost)  
  110  7:17  Zealot x3  
  110  7:22  Twilight Council  
  116  7:25  Oracle  
  116  7:29  Pylon  
  119  7:34  Pylon  
  119  7:35  Pylon  
  119  7:40  Pylon  
  119  7:44  Pylon  
  119  7:45  Pylon, Zealot x3  
  119  7:46  Pylon  
  119  7:48  Pylon  
  119  8:05  Zealot x2  
  119  8:06  Zealot x3  
  119  8:07  Disruptor (Chrono Boost)  
  119  8:08  Disruptor (Chrono Boost)  
  129  8:25  Templar Archives  
  123  8:29  Zealot x5  
  123  8:33  Probe  
  133  8:35  Probe x2  
  130  8:50  Disruptor (Chrono Boost)  
  130  8:52  Stalker, Zealot x4  
  130  8:53  Disruptor (Chrono Boost)  
  136  9:16  Zealot x5  
Show
View Real Time Build Order
Export as new Build Order

Matiz Zerg 

Build Orders: Hatch First, Lurkers 

Get SALT Encoding   

  12  0:01  Drone  
  13  0:13  Overlord  
  13  0:17  Drone  
  14  0:23  Extractor, Drone  
  15  0:31  Drone  
  16  0:35  Drone  
  17  0:55  Drone, Hatchery  
  17  0:59  Drone  
  18  1:11  Spawning Pool  
  18  1:14  Drone  
  19  1:18  Drone  
  19  1:31  Extractor  
  18  1:36  Drone  
  19  1:43  Hatchery  
  18  1:47  Drone  
  19  1:59  Queen  
  21  2:05  Zergling x2  
  21  2:07  Queen  
  24  2:12  Drone  
  24  2:13  Drone  
  26  2:22  Overlord  
  26  2:27  Drone x2  
  28  2:42  Metabolic Boost  
  28  2:43  Drone x3  
  31  2:51  Drone x2  
  33  2:54  Queen  
  35  2:58  Overlord  
  35  3:03  Zergling x4  
  35  3:05  Drone  
  38  3:10  Drone x2  
  40  3:15  Overlord  
  40  3:16  Drone  
  40  3:17  Drone  
  40  3:19  Drone  
  43  3:20  Drone  
  43  3:22  Drone  
  43  3:26  Overlord  
  45  3:29  Drone  
  45  3:33  Queen  
  48  3:38  Overlord  
  48  3:39  Drone  
  48  3:40  Drone  
  50  3:43  Drone  
  50  3:44  Drone x2  
  50  3:46  Drone  
  54  3:49  Drone x2  
  54  3:53  Overlord  
  56  3:57  Spore Crawler  
  56  3:59  Spore Crawler  
  56  4:00  Spore Crawler  
  56  4:01  Drone  
  54  4:04  Lair  
  54  4:09  Drone x3  
  57  4:13  Overlord  
  57  4:18  Drone x2  
  57  4:21  Queen  
  57  4:23  Drone x3  
  64  4:26  Extractor, Drone  
  64  4:27  Evolution Chamber  
  64  4:29  Overlord  
  63  4:36  Zergling x4  
  63  4:37  Zergling x6  
  67  4:44  Queen  
  64  4:55  Drone x7  
  64  4:56  Drone x2  
  64  4:58  Drone x2  
  71  5:05  Extractor  
  68  5:09  Hydralisk Den  
  68  5:13  Extractor, Drone x4  
  68  5:14  Overlord, Drone  
  71  5:15  Extractor, Overlord  
  71  5:20  Overlord  
  70  5:22  Extractor, Zerg Missile Weapons Level 1  
  69  5:31  Overlord  
  69  5:32  Overlord, Queen  
  69  5:33  Drone x4  
  75  5:36  Overlord x2  
  75  5:40  Queen x2  
  79  5:46  Lurker Den  
  79  5:53  Overlord  
  78  5:57  Drone x2  
  78  6:00  Hydralisk x2  
  78  6:03  Hydralisk  
  83  6:08  Hydralisk, Queen  
  83  6:09  Hydralisk  
  89  6:13  Hydralisk x2  
  89  6:16  Queen x2  
  95  6:21  Hydralisk x2  
  97  6:39  Hydralisk x5  
  103  6:44  Queen  
  103  6:45  Overlord x2  
  106  6:52  Nydus Network  
  101  6:54  Queen  
  103  7:03  Overlord, Drone  
  104  7:15  Hydralisk x3  
  104  7:20  Lurker  
  104  7:21  Lurker x3  
  104  7:22  Queen x2  
  116  7:34  Overseer  
  116  7:39  Nydus Canal  
  116  7:40  Hydralisk x2, Queen  
  116  7:41  Overlord  
  122  7:53  Hydralisk x4  
  122  7:58  Hydralisk, Queen x2  
  117  7:59  Hydralisk  
  117  8:00  Zergling x2  
  113  8:08  Nydus Canal  
  113  8:11  Hydralisk  
  113  8:12  Zergling x6  
  114  8:13  Zergling x4  
  105  8:20  Hydralisk x2  
  105  8:29  Nydus Canal  
  105  8:36  Hydralisk  
  105  8:37  Queen  
  96  8:52  Lurker  
  96  8:53  Lurker  
  97  8:56  Hydralisk  
  97  8:57  Zergling x4, Queen  
  103  9:03  Hydralisk  
  103  9:11  Lurker  
Tags
 
Add a new tag
Caveats
  • Supply blocks, unpowered buildings, or Contaminate may cause inaccurate times.
  • Supply counts are checked every 10 seconds.